 Dungeon Crawl Stone Soup version 0.30-a0-782-ge64f9170bb (webtiles) character file.

Game seed: 11779828362520425835

283 Barriton the Insei (level 6, -1/47 HPs)
             Began as a Draconian Transmuter on Mar 7, 2023.
             Was a Priest of Sif Muna.
             Slain by Golzeb's ghost (2 damage)
             ... on level 3 of the Dungeon.
             The game lasted 00:06:43 (3121 turns).

Barriton the Insei (Draconian Transmuter)           Turns: 3121, Time: 00:06:44

Health: -1/47      AC: 11    Str: 12    XL:     6   Next: 7%
Magic:  10/11      EV: 12    Int: 13    God:    Sif Muna [***...]
Gold:   143        SH:  0    Dex: 14    Spells: 9/12 levels left

rFire   . . .      SeeInvis .      - Unarmed
rCold   . . .      Faith    .    (no shield)
rNeg    . . .      Spirit   .    (body armour unavailable)
rPois   .          Reflect  .    g - +0 hat
rElec   .          Harm     .    (no cloak)
rCorr   .          Rampage  .    i - +0 pair of gloves
Will    .....                    (no boots)
Stlth   ++                       (no amulet)
HPRegen 0.27/turn                p - +4 ring of protection
MPRegen 0.12/turn                (no ring)

@: wereblooded (expiring), slowed, very slow
A: AC +6, unfitting armour, cold-blooded, no potion heal 1
a: Renounce Religion, Channel Magic, Forget Spell


You were on level 3 of the Dungeon.
You worshipped Sif Muna.
Sif Muna was most pleased with you.
You visited 1 branch of the dungeon, and saw 3 of its levels.
You also visited: Sewer.

You collected 143 gold pieces.

Inventory:

Armour
 g - a +0 hat (worn)
 i - a +0 pair of gloves (worn)
Jewellery
 p - a +4 ring of protection (left hand)
Scrolls
 k - 2 scrolls of fog
 n - a scroll of enchant weapon
 q - a scroll of teleportation
Potions
 a - 3 potions of lignification
 b - a potion of magic
 c - 2 potions of curing
 d - 3 potions of heal wounds
 e - 3 potions of attraction
 h - 2 potions of degeneration
 j - 2 potions of might {unknown}
 m - a potion of brilliance {unknown}
 o - a potion of flight {unknown}


   Skills:
 + Level 1.2 Fighting
 + Level 2.5 Dodging
 + Level 1.0 Stealth
 + Level 4.2 Unarmed Combat
 + Level 3.8 Spellcasting
 + Level 3.5 Transmutations


You had 9 spell levels left.
You knew the following spells:

 Your Spells              Type           Power      Damage    Failure   Level
a - Beastly Appendage     Tmut           22%        N/A       4%          1
b - Wereblood             Tmut           11%        N/A       8%          2

Your spell library contained the following spells:

 Spells                   Type           Power      Damage    Failure   Level
 Spider Form              Tmut/Pois      7%         N/A       30%         3
 Ensorcelled Hibernation  Hex/Ice        4%         N/A       32%         2
 Ice Form                 Ice/Tmut       7%         N/A       71%         4
 Anguish                  Hex/Necr       1%         N/A       91%         4


Dungeon Overview and Level Annotations

Branches:
Dungeon (3/15)              Sewer (visited)

Altars:
Dithmenos
Gozag
Makhleb
Qazlal
Ru
Sif Muna
Trog
Uskayaw
The Shining One

Annotations:
D:3 Golzeb's ghost, amateur AtFi


Innate Abilities, Weirdness & Mutations

Your plain brown scales are hard. (AC +6)
You cannot fit into any form of body armour.
You are cold-blooded and may be slowed by cold attacks.
Potions are less effective at restoring your health.


Message History

Golzeb's ghost hits you but does no damage.
The rat misses you. The dart slug barely misses you.
You hit Golzeb's ghost but do no damage.
You punch Golzeb's ghost, but do no damage.
Golzeb's ghost is moderately damaged.
Your primal bloodlust is almost over.
Golzeb's ghost hits you but does no damage.
The rat bites you. The dart slug barely misses you.
You hit Golzeb's ghost.
Golzeb's ghost is moderately damaged.
The giant cockroach waves its antennae.
The giant cockroach bites you but does no damage.
Golzeb's ghost hits you but does no damage.
The rat barely misses you. The giant cockroach closely misses you.
You hit Golzeb's ghost but do no damage.
Golzeb's ghost is moderately damaged.
The dart slug launches a dart at you.
The slug dart hits you but does no damage.
Golzeb's ghost hits you! Golzeb's ghost freezes you.
* * * LOW HITPOINT WARNING * * *
The rat bites you but does no damage. The giant cockroach closely misses you.
You hit Golzeb's ghost.
Golzeb's ghost is moderately damaged.
The giant cockroach closely misses you. Golzeb's ghost hits you.
* * * LOW HITPOINT WARNING * * *
Golzeb's ghost freezes you.
* * * LOW HITPOINT WARNING * * *
The rat bites you but does no damage. The dart slug misses you.
You hit Golzeb's ghost but do no damage.
Golzeb's ghost is moderately damaged.
The giant cockroach barely misses you.
Golzeb's ghost shouts, "What do you have that I didn't have?"
Golzeb's ghost hits you but does no damage.
The rat bites you but does no damage.
You hit the giant cockroach but do no damage.
The giant cockroach bites you but does no damage.
The dart slug barely misses you. Golzeb's ghost hits you!
* * * LOW HITPOINT WARNING * * *
You feel yourself slow down. Golzeb's ghost freezes you.
You die...

#.## #.... #.# #<#.# #.#
###############.#.# #.#
#.............#.#.# #.###
##.............#.#.. ....#
#...#########..#.### #.#.#
#..[#.......#....###
###.##########...#K..#...#....#..
................@Wh.#.#?.#......#
.##.###########Bwr.....).#..###..
.##.# #..'..#.#..#..# ### ###.#
#..#...#...#..# #[#
#..#.......#..# #.#
#..#########..# #.#
##.............# #.##
#..............# #..#
#.#####...####.#####


You could see a hound, Golzeb's ghost, a dart slug, a giant cockroach, a kobold
and a rat.

Vanquished Creatures
  An orc priest (D:3)
  An iguana (D:3)
  Natasha (thrice) (D:3)
  A hell rat (Sewer)
  5 adders
  A river rat (D:3)
  2 worms
  3 orcs (D:3)
  7 ball pythons
  2 bats
  5 endoplasms
  4 giant cockroaches
  8 goblins
  3 hobgoblins
  3 jackals (D:2)
  3 quokkas
  5 frilled lizards
  2 kobolds (D:1)
  15 rats
74 creatures vanquished.

Notes
Turn   | Place    | Note
-------+----------+-------------------------------------------
     0 | D:1      | Barriton the Draconian Transmuter began the quest for the
                  | Orb.
     0 | D:1      | Reached XP level 1. HP: 16/16 MP: 3/3
    55 | D:1      | Found a faded altar of an unknown god.
   161 | D:1      | Prayed at the altar of an unknown god.
   161 | D:1      | Became a worshipper of Sif Muna the Loreminder
   161 | D:1      | Reached * piety under Sif Muna
   359 | D:1      | Reached XP level 2. HP: 23/23 MP: 3/5
   362 | D:1      | Learned a level 2 spell: Wereblood
  1044 | D:2      | Reached ** piety under Sif Muna
  1072 | D:2      | Reached XP level 3. HP: 21/28 MP: 5/7
  1419 | D:2      | Reached XP level 4. HP: 34/35 MP: 6/8
  1852 | D:3      | Noticed Natasha
  1860 | D:3      | Killed Natasha
  1903 | D:3      | Found a bloodstained altar of Trog.
  1903 | D:3      | Found a stormy altar of Qazlal.
  1903 | D:3      | Found a sacrificial altar of Ru.
  1903 | D:3      | Found a shimmering blue altar of Sif Muna.
  1905 | D:3      | Found a burning altar of Makhleb.
  1905 | D:3      | Found a hide-covered altar of Uskayaw.
  1907 | D:3      | Found a shadowy altar of Dithmenos.
  1907 | D:3      | Found a glowing golden altar of the Shining One.
  1907 | D:3      | Found an opulent altar of Gozag.
  1975 | D:3      | Found a runed translucent gate.
  1975 | D:3      | Found a runed translucent gate.
  1977 | D:3      | Found a runed translucent gate.
  1979 | D:3      | Noticed Golzeb's ghost (amateur AtFi)
  2078 | D:3      | Found a glowing drain.
  2078 | D:3      | Noticed Natasha
  2083 | D:3      | Reached XP level 5. HP: 40/40 MP: 7/9
  2100 | D:3      | Reached skill level 4 in Unarmed Combat
  2104 | D:3      | Killed Natasha
  2109 | D:3      | Reached *** piety under Sif Muna
  2288 | Sewer    | Entered a sewer
  2509 | D:3      | Gained mutation: You have large cloven feet. [potion of
                  | mutation]
  2509 | D:3      | Gained mutation: You have a pair of small horns on your
                  | head. [potion of mutation]
  2509 | D:3      | Gained mutation: You are frail. (-10% HP) [potion of
                  | mutation]
  2512 | D:3      | Lost mutation: You are frail. (-10% HP) [potion of
                  | mutation]
  2512 | D:3      | Lost mutation: You have a pair of small horns on your head.
                  | [potion of mutation]
  2512 | D:3      | Lost mutation: You have large cloven feet. [potion of
                  | mutation]
  2512 | D:3      | Gained mutation: Potions are less effective at restoring
                  | your health. [potion of mutation]
  2618 | D:3      | Noticed Natasha
  2625 | D:3      | Killed Natasha
  2819 | D:3      | Reached XP level 6. HP: 47/47 MP: 11/11
  2917 | D:3      | Reached skill level 1 in Stealth
  3121 | D:3      | HP: 1/47 [Golzeb's ghost (10)]
  3121 | D:3      | Slain by Golzeb's ghost

Illustrated notes

Levels and vault maps discovered:
D:1:      onia_arrival_mini_spirals, layout_loops_ring,
          hellmonk_ecumenical_altar_heavens_door
D:2:      layout_rooms, minmay_misc_feat_roman, grunt_ministairs_1,
          minmay_pentomino_o2
D:3:      layout_loops_ring, nicolae_overflows_in_rows, gammafunk_ghost_split,
          portal_sewer_entry_a, kennysheep_generic_room_11, uniq_natasha

Skill      XL: |  1  2  3  4  5  6 |
---------------+-------------------+-----
Dodging        | 2 |  2.5
Spellcasting   | 3 |  3.8
Unarmed Combat | 4 |  4.2
Transmutations | 3 |  3.5
Stealth        | 1 |  1.0
Fighting       | |  1.2

Action                     |  1- 3 |  4- 6 || total
---------------------------+-------+-------++-------
  Melee: Unarmed           |    92 |   127 ||   219
         Kick              |    18 |    18 ||    36
         Tailslap          |     9 |    17 ||    26
         Punch             |     2 |     6 ||     8
         Headbutt          |     8 |    14 ||    22
   Cast: Beastly Appendage |    26 |    21 ||    47
         Wereblood         |       |     5 ||     5
    Use: Scroll            |     2 |    12 ||    14
         Potion            |       |     2 ||     2
   Stab: Sleeping          |     2 |     2 ||     4
 Armour: Skin              |    27 |    48 ||    75
  Dodge: Dodged            |    42 |    80 ||   122

Table legend: (Time is in decaauts)
 A = Elapsed time spent in this place.
 B = Non-inter-level travel time spent in this place.
 C = Inter-level travel time spent in this place.
 D = Time resting spent in this place.
 E = Time spent auto-exploring this place.
 F = Levels seen in this place.
 G = Mean time per level.
                   A        B        C        D        E       F      G
               +--------+--------+--------+--------+--------+-----+--------+
         Total |   3133 |   3011 |    122 |    142 |   2233 |   4 |  783.2 |
       Dungeon |   2901 |   2779 |    122 |    142 |   2080 |   3 |  967.0 |
         Sewer |    232 |    232 |      0 |      0 |    152 |   1 |  232.0 |
               +--------+--------+--------+--------+--------+-----+--------+

Top non-repeatable levels by time:
     D:3: 1166 daAuts
     D:1: 991 daAuts
     D:2: 742 daAuts
   Sewer: 232 daAuts
